Map: Whirlwind LE (Void)

Players

Welmu - Winner!

  • Race: Protoss Protoss
  • League: Master
  • Spawn Location: 1:00

Nice

  • Race: Protoss Protoss
  • League: Master
  • Spawn Location: 11:00

Event: NationWars IV

VOD

Have the link to the VOD?

Description

Time

  • Played on: Jan. 3, 2017, 1:41 p.m.
  • Length: 9:29

All games in this series

Show
View Real Time Build Order
Export as new Build Order

Welmu Protoss - Winner!

Build Orders:  

Get SALT Encoding   

  12  0:01  Probe (Chrono Boost)  
  13  0:11  Probe (Chrono Boost)  
  14  0:17  Pylon  
  14  0:22  Probe (Chrono Boost)  
  15  0:35  Probe (Chrono Boost)  
  16  0:36  Gateway  
  16  0:42  Assimilator  
  16  0:46  Probe (Chrono Boost)  
  17  0:51  Assimilator  
  18  0:57  Probe (Chrono Boost)  
  18  1:07  Probe (Chrono Boost)  
  18  1:09  Gateway  
  19  1:18  Probe (Chrono Boost)  
  20  1:23  Cybernetics Core  
  20  1:28  Probe (Chrono Boost)  
  20  1:32  Pylon  
  21  1:39  Probe (Chrono Boost)  
  22  1:45  Warp Gate  
  22  1:49  Probe (Chrono Boost)  
  23  1:59  Adept x2  
  27  2:07  Mothership Core (Chrono Boost)  
  29  2:09  Pylon  
  29  2:26  Stalker  
  29  2:27  Stalker  
  33  2:55  Nexus  
  33  2:57  Sentry  
  35  3:11  Robotics Facility  
  35  3:21  Probe (Chrono Boost), Pylon  
  36  3:28  Gateway  
  36  3:38  Probe (Chrono Boost)  
  37  3:50  Probe (Chrono Boost)  
  37  3:51  Stalker x2  
  42  3:58  Immortal  
  46  4:16  Stalker, Sentry  
  47  4:37  Adept  
  47  4:40  Stalker x2  
  45  4:59  Stalker  
  43  5:01  Mothership Core (Chrono Boost)  
  43  5:10  Adept x2  
  45  5:18  Immortal  
  47  5:35  Stalker  
  49  5:36  Zealot x2  
  49  5:40  Pylon  
  54  5:50  Probe (Chrono Boost)  
  54  5:53  Pylon  
  54  5:58  Probe (Chrono Boost)  
  54  5:59  Immortal  
  53  6:10  Stalker  
  59  6:17  Adept  
  60  6:21  Probe (Chrono Boost)  
  60  6:23  Sentry  
  63  6:34  Stalker  
  63  6:42  Stalker  
  62  6:53  Warp Prism, Probe (Chrono Boost)  
  62  6:55  Probe (Chrono Boost)  
  64  7:04  Probe (Chrono Boost)  
  64  7:05  Probe (Chrono Boost)  
  64  7:15  Probe (Chrono Boost)  
  65  7:16  Probe (Chrono Boost)  
  66  7:25  Probe (Chrono Boost)  
  66  7:26  Probe (Chrono Boost)  
  68  7:36  Probe (Chrono Boost)  
  70  7:37  Probe (Chrono Boost)  
  70  7:40  Twilight Council  
  70  7:47  Pylon  
  70  8:03  Assimilator  
  73  8:05  Probe x2 (Chrono Boost)  
  73  8:06  Observer  
  73  8:16  Probe x2 (Chrono Boost)  
  75  8:21  Stalker  
  75  8:27  Probe x2 (Chrono Boost)  
  75  8:30  Pylon, Stalker  
  77  8:37  Probe (Chrono Boost), Pylon  
  78  8:44  Probe (Chrono Boost)  
  78  8:48  Immortal  
  79  8:57  Adept x2  
  79  8:58  Adept  
Show
View Real Time Build Order
Export as new Build Order

Nice Protoss 

Build Orders:  

Get SALT Encoding   

  12  0:01  Probe (Chrono Boost)  
  13  0:12  Probe (Chrono Boost)  
  14  0:18  Pylon  
  14  0:22  Probe (Chrono Boost)  
  15  0:36  Probe (Chrono Boost), Gateway  
  16  0:46  Probe (Chrono Boost)  
  16  0:48  Assimilator  
  17  0:52  Assimilator  
  17  0:57  Probe (Chrono Boost)  
  18  1:08  Probe (Chrono Boost), Gateway  
  19  1:18  Probe (Chrono Boost)  
  20  1:25  Cybernetics Core  
  20  1:29  Probe (Chrono Boost)  
  21  1:34  Pylon  
  21  1:39  Probe (Chrono Boost)  
  22  1:50  Probe (Chrono Boost), Warp Gate  
  23  2:01  Stalker x2  
  29  2:11  Mothership Core (Chrono Boost)  
  29  2:15  Pylon  
  29  2:31  Stalker  
  29  2:33  Stalker  
  33  2:43  Gateway  
  33  2:55  Pylon  
  33  3:14  Stargate  
  33  3:15  Stalker  
  33  3:16  Stalker  
  37  3:24  Pylon  
  37  3:52  Void Ray  
  37  4:00  Stalker x2  
  45  4:04  Adept  
  45  4:08  Pylon  
  43  4:31  Stalker x2  
  47  4:32  Stalker  
  48  4:39  Probe (Chrono Boost)  
  46  4:51  Probe (Chrono Boost)  
  45  4:59  Stalker x3  
  39  5:23  Oracle  
  40  5:35  Zealot x3  
  44  5:53  Nexus  
  44  5:59  Oracle  
  48  6:12  Probe (Chrono Boost)  
  48  6:24  Probe (Chrono Boost)  
  43  6:33  Sentry  
  43  6:34  Pylon, Sentry  
  43  6:36  Pylon  
  47  6:41  Probe (Chrono Boost)  
  48  6:52  Probe (Chrono Boost)  
  49  6:55  Robotics Facility  
  49  7:03  Probe (Chrono Boost)  
  50  7:09  Probe (Chrono Boost)  
  50  7:13  Probe (Chrono Boost)  
  52  7:17  Adept, Twilight Council  
  52  7:18  Adept  
  56  7:24  Probe (Chrono Boost), Pylon  
  56  7:27  Probe (Chrono Boost)  
  58  7:34  Probe (Chrono Boost)  
  59  7:37  Probe (Chrono Boost)  
  59  7:42  Pylon  
  61  7:44  Observer  
  61  7:45  Probe (Chrono Boost)  
  61  7:48  Probe (Chrono Boost)  
  63  7:51  Assimilator  
  63  7:54  Adept x2  
  63  7:55  Probe (Chrono Boost)  
  68  8:02  Probe (Chrono Boost)  
  69  8:07  Probe (Chrono Boost)  
  69  8:12  Probe (Chrono Boost)  
  71  8:17  Probe (Chrono Boost)  
  71  8:18  Pylon  
  70  8:27  Adept  
  70  8:28  Adept x2  
  74  8:44  Probe x2 (Chrono Boost)  
  74  8:46  Twilight Council  
  75  8:53  Robotics Facility  
  73  9:00  Pylon  
Tags
 
Add a new tag
Caveats
  • Supply blocks, unpowered buildings, or Contaminate may cause inaccurate times.
  • Supply counts are checked every 10 seconds.